 Dungeon Crawl Stone Soup version 0.20.0-15-g7f486f2 (webtiles) character file.

63 Ness the Chopper (level 3, 0/30 HPs)
             Began as a Minotaur Gladiator on June 28, 2017.
             Killed from afar by an orc wizard (7 damage)
             ... with a puff of frost
             ... on level 3 of the Dungeon.
             The game lasted 00:05:52 (1264 turns).

Ness the Chopper (Minotaur Gladiator)               Turns: 1264, Time: 00:05:54

Health: 0/30       AC:  6    Str: 19    XL:     3   Next: 89%
Magic:  2/2        EV: 11    Int:  5    God:
Gold:   51         SH:  0    Dex: 11    Spells: 2/2 levels left

rFire    . . .     SeeInvis .   a - +0 war axe
rCold    . . .     Gourm    .   (no shield)
rNeg     . . .     Faith    .   t - +0 scale mail
rPois    .         Spirit   .   c - +0 hat
rElec    .         Reflect  .   (no cloak)
rCorr    .         Harm     .   (no gloves)
MR       .....                  (no boots)
Stlth    ..........             (no amulet)
Regen    0.1/turn               (no ring)
MPRegen  0.1/turn               (no ring)

@: no status effects
A: retaliatory headbutt, horns 2
a: no special abilities


You were on level 3 of the Dungeon.
You were not hungry.

You visited 1 branch of the dungeon, and saw 3 of its levels.

You collected 51 gold pieces.

Inventory:

Hand Weapons
 a - a +0 war axe (weapon)
 g - a +0 dagger
 j - a +0 club
Missiles
 d - 3 throwing nets (quivered)
 e - 15 arrows
 i - 24 sling bullets
 l - 41 stones
 o - 25 bolts
 p - 6 large rocks
Armour
 b - a +0 leather armour
 c - a +0 hat (worn)
 h - a +0 robe
 t - a +0 scale mail (worn)
Potions
 m - 3 potions of curing {unknown}
 n - a potion of haste {unknown}
 q - a potion of brilliance {unknown}
 s - 2 potions of mutation {unknown}
 u - a potion of degeneration {unknown}
Comestibles
 f - a bread ration
 k - a royal jelly
 r - a meat ration
 v - 3 chunks of flesh


   Skills:
 + Level 2.8 Fighting
 + Level 4.7 Axes
 + Level 2.2 Throwing
 + Level 1.0 Armour
 + Level 3.9 Dodging
 + Level 0.1 Stealth


You had 2 spell levels left.
You didn't know any spells.

Dungeon Overview and Level Annotations

Branches:
Dungeon (3/15)

Altars:

Annotations:
D:3 botchamania's ghost, novice DgTm


Innate Abilities, Weirdness & Mutations

You reflexively headbutt those who attack you in melee.
You have a pair of horns on your head.


Message History

You hit botchamania's ghost but do no damage.
Botchamania's ghost hits you.
A worm and an orc come into view.
You are too injured to fight recklessly!
You closely miss botchamania's ghost.
The orc shouts!
You headbutt botchamania's ghost, but do no damage.
Botchamania's ghost hits you but does no damage.
You hit botchamania's ghost.
Botchamania's ghost is lightly damaged.
You hit the orc wizard. Botchamania's ghost barely misses you.
You furiously retaliate!
You headbutt botchamania's ghost! The orc wizard hits you with a dagger.
Botchamania's ghost hits you.
* * * LOW HITPOINT WARNING * * *
You closely miss botchamania's ghost.
Botchamania's ghost is lightly damaged.
You hit the orc wizard.
The orc wizard gestures at you while chanting.
The puff of frost hits you!
You die...

...... ..... ...w. o...
######.o. #....o.#
#.#.oW.# .............
###.#..@.###............
#.......................
#.#.#######.............
#.# #............. #.###
#.............
#...######.......^....
###.#.........<.......
#.##................
######....##.............


You could see a worm, an orc wizard, botchamania's ghost and 3 orcs.

Vanquished Creatures
  An adder (D:2)
  2 worms
  3 dart slugs (D:1)
  2 leopard geckos (D:2)
  3 giant cockroaches (D:2)
  A goblin (D:1)
  9 hobgoblins
  3 jackals (D:2)
  4 kobolds
  2 ball pythons (D:1)
  4 bats
  3 frilled lizards
  A rat (D:2)
38 creatures vanquished.

Notes
Turn   | Place    | Note
-------+----------+-------------------------------------------
     0 | D:1      | Ness the Minotaur Gladiator began the quest for the Orb.
     0 | D:1      | Reached XP level 1. HP: 18/18 MP: 0/0
   140 | D:1      | Reached skill level 4 in Axes
   192 | D:1      | Reached XP level 2. HP: 24/25 MP: 1/1
   389 | D:2      | Reached XP level 3. HP: 15/30 MP: 2/2
  1124 | D:2      | Reached skill level 1 in Armour
  1257 | D:3      | Noticed botchamania's ghost (novice DgTm)
  1264 | D:3      | Killed from afar by an orc wizard

Skill      XL: |  1  2  3 |
---------------+----------+-----
Axes           | 4 |  4.7
Armour         | 1 |  1.0
Fighting       | |  2.8
Throwing       | |  2.2
Dodging        | |  3.9
Stealth        | |  0.1

Action                   || total
-------------------------++-------
Melee: War axe           ||    85
       Headbutt          ||     9
Throw: Throwing net      ||     1
  Eat: Chunk             ||     1
Armor: Leather armour    ||    16
       Scale mail        ||    15
Dodge: Dodged            ||    65
